 Dungeon Crawl Stone Soup version 0.29.1-1-gd02db6906a (webtiles) character file.

Game seed: 16749490316701566016

588 101zpm the Magician (level 7, 0/45 HPs)
             Began as a Djinni Fire Elementalist on Oct 5, 2022.
             Slain by a gnoll
             ... wielding a +0 flail
              (14 damage)
             ... on level 5 of the Dungeon.
             The game lasted 00:09:14 (6899 turns).

101zpm the Magician (Djinni Fire Elementalist)      Turns: 6899, Time: 00:09:16

Health: 0/45       AC:  3    Str:  7    XL:     7   Next: 65%
Gold:   254        EV: 12    Int: 18    God:
                   SH:  0    Dex: 14

rFire   + + .      SeeInvis .   (no weapon)
rCold   x . .      Faith    .   o - orb {light}
rNeg    . . .      Spirit   .   a - +0 robe
rPois   ∞          Reflect  .   (no helmet)
rElec   .          Harm     .   (no cloak)
rCorr   .          Rampage  .   b - +0 pair of gloves
Will    .....                   (boots unavailable)
Stlth   +.........              (no amulet)
HPRegen 0.15/turn               (no ring)
MPRegen 0.00/turn               (no ring)

@: flying, glowing
A: sickness immunity, fire resistance 2, cold vulnerability 1, float, innate
caster, HP casting, extra vitality 1
a: no special abilities


You were on level 5 of the Dungeon.
You visited 1 branch of the dungeon, and saw 5 of its levels.

You collected 254 gold pieces.

Inventory:

Armour
 a - a +0 robe (worn)
 b - a +0 pair of gloves (worn)
 o - an orb of light (worn)
Jewellery
 m - a ring of see invisible
 p - a ring of resist corrosion
 v - a +6 ring of dexterity
 w - a +4 ring of slaying
 B - a ring of positive energy
Wands
 y - a wand of mindburst (11)
Scrolls
 d - a scroll of noise {unknown}
 e - 3 scrolls of identify {unknown}
 f - 6 scrolls of enchant weapon {unknown}
 i - 2 scrolls of magic mapping {unknown}
 j - 2 scrolls of blinking {unknown}
 l - a scroll of enchant armour {unknown}
 n - a scroll of amnesia {unknown}
 s - 2 scrolls of fog {unknown}
 u - a scroll of silence {unknown}
 x - a scroll of fear {unknown}
 C - a scroll of brand weapon {unknown}
Potions
 c - 2 potions of flight {unknown}
 g - a potion of haste {unknown}
 h - 3 potions of brilliance {unknown}
 k - a potion of might {unknown}
 q - a potion of resistance {unknown}
 r - a potion of mutation {unknown}
 t - a potion of lignification {unknown}
 z - a potion of heal wounds {unknown}
 A - a potion of curing {unknown}


   Skills:
 + Level 0.1 Fighting
 + Level 2.5 Dodging
 + Level 2.7 Stealth
 + Level 6.0 Spellcasting


You couldn't memorise any spells.
You knew the following spells:

 Your Spells              Type           Power      Damage    Failure   Level
a - Foxfire               Conj/Fire      100%       2x1d9     1%          1
b - Scorch                Fire           54%        2d7       1%          2
c - Conjure Flame         Conj/Fire      27%        6-21      3%          3
d - Inner Flame           Hex/Fire       27%        N/A       3%          3
e - Flame Wave            Conj/Fire      27%        2d9       10%         4
f - Shock                 Conj/Air       100%       1d9       1%          1
g - Wereblood             Tmut           27%        N/A       1%          2
h - Searing Ray           Conj           54%        2d6       1%          2
Your spell library was empty.

Dungeon Overview and Level Annotations

Branches:
Dungeon (5/15)
 Temple: D:4-7

Altars:
Fedhas
Gozag
Qazlal
Xom
Yredelemnul

Shops:
D:5 (

Annotations:
D:2 1 runed translucent door, Crazy Yiuf
D:4 1 runed translucent door, CodingLynx's ghost, amateur MiFi


Innate Abilities, Weirdness & Mutations

You are immune to sickness and miasma.
You are immune to poison.
Your flesh is very heat resistant. (rF++)
You are vulnerable to cold. (rC-)
You float through the air rather than walking.
You learn spells naturally, not from books.
Your magical power is your life essence.
You have superior vitality. (+4 MHP)


Message History

Restarting spell: Flame Wave (quite dangerous; 11% risk of failure)
Press: ? - help, Dir - look around, f - activate A wave of flame ripples out!
The flame wave engulfs the gnoll!
The gnoll is almost dead. (Press . to intensify the flame waves.)
The gnoll hits you with a +0 flail. The gnoll barely misses you.
Casting: Flame Wave (quite dangerous; 11% risk of failure)
Confirm with . or Enter, or press ? or * to list all spells.
The spell is quite dangerous to miscast (11% risk of failure)!
Continue anyway?
Restarting spell: Flame Wave (quite dangerous; 11% risk of failure)
Press: ? - help, Dir - look around, f - activate A wave of flame ripples out!
The flame wave engulfs the orc!
You kill the orc!
The flame wave engulfs the gnoll!
You kill the gnoll! (Press . to intensify the flame waves.)
The gnoll hits you from afar with a +0 spear!
A gnoll comes into view. It is wielding a +3 flail.
Casting: Flame Wave (quite dangerous; 11% risk of failure)
Confirm with . or Enter, or press ? or * to list all spells.
The spell is quite dangerous to miscast (11% risk of failure)!
Continue anyway?
Restarting spell: Flame Wave (quite dangerous; 11% risk of failure)
Press: ? - help, Dir - look around, f - activate A wave of flame ripples out!
The flame wave engulfs the orc wizard!
You kill the orc wizard!
The flame wave engulfs the gnoll.
The gnoll is moderately wounded. (Press . to intensify the flame waves.)
The gnoll throws a throwing net.
The throwing net barely misses you. The gnoll barely misses you.
Your Spellcasting skill increases to level 6!
Casting: Flame Wave (quite dangerous; 10% risk of failure)
Confirm with . or Enter, or press ? or * to list all spells.
Aiming: Inner Flame (dangerous; 3% risk of failure)
Press: ? - help, Dir - move target, f - orc wizard
Aim: an orc wizard, wielding a +0 dagger and wearing a +0 robe (slightly transparent, haloed, chance to affect: 82%)
The orc wizard is filled with an inner flame.
The orc wizard hits you with a +0 dagger.
The gnoll completely misses you. The gnoll hits you with a +0 flail!
You die... #####++###### ............ ........... .ooggo.. gggo.

##og## #######.@..# +.....'....+
#+# #######(...#
..#############''''#############
gg#............................#
###~~~~~~~~~≈~~....~≈~≈~~~≈~≈~≈##
≈≈≈~≈~≈≈≈≈≈~≈≈~....~≈≈≈≈≈≈≈≈≈≈≈≈≈
~≈~~~≈~~~~≈~~≈≈....~)~~÷~~≈~~~~~~
.......................).........


You could see a gnoll sergeant, an orc wizard (inner flame, invisible), 5 gnolls
and 4 orcs.

Vanquished Creatures
  2 black bears (D:4)
  A necrophage (D:5)
  A scorpion (D:4)
  A howler monkey (D:4)
  An iguana (D:4)
  An orc wizard (D:5)
  2 gnolls (D:5)
  9 adders
  A worm (D:3)
  4 dart slugs
  4 orcs
  6 ball pythons
  6 endoplasms
  3 giant cockroaches
  3 goblins (D:2)
  7 hobgoblins
  9 jackals
  3 quokkas (D:4)
  8 bats
  4 frilled lizards
  9 kobolds
  8 rats
93 creatures vanquished.

Vanquished Creatures (collateral kills)
  6 foxfires (D:3)
6 creatures vanquished.

Vanquished Creatures (others)
  286 foxfires
  8 plants (D:3)
294 creatures vanquished.

Grand Total: 393 creatures vanquished

Notes
Turn   | Place    | Note
-------+----------+-------------------------------------------
     0 | D:1      | 101zpm the Djinni Fire Elementalist began the quest for the
                  | Orb.
     0 | D:1      | 101zpm set off with the following spells memorised:
                  | Foxfire, Scorch, Conjure Flame, Inner Flame, Flame Wave.
     0 | D:1      | Reached XP level 1. HP: 15/15 MP: 0/0
   408 | D:1      | Reached XP level 2. HP: 14/21 MP: 0/0
   900 | D:1      | Reached skill level 3 in Spellcasting
  1091 | D:1      | Found a faded altar of an unknown god.
  1098 | D:1      | Reached XP level 3. HP: 20/25 MP: 0/0
  1098 | D:1      | Learned a level 1 spell: Shock
  1950 | D:2      | Found a shimmering altar of Xom.
  2209 | D:2      | Reached XP level 4. HP: 28/31 MP: 0/0
  2314 | D:2      | Found a runed translucent door.
  2315 | D:2      | Noticed Crazy Yiuf
  3768 | D:3      | Reached XP level 5. HP: 25/35 MP: 0/0
  3768 | D:3      | Learned a level 2 spell: Wereblood
  4437 | D:3      | Reached skill level 4 in Spellcasting
  5071 | D:4      | Found a blossoming altar of Fedhas.
  5303 | D:4      | Noticed a black bear
  5310 | D:4      | Killed a black bear
  5311 | D:4      | Reached XP level 6. HP: 12/40 MP: 0/0
  5651 | D:4      | Reached skill level 5 in Spellcasting
  5704 | D:4      | Found a stormy altar of Qazlal.
  5745 | D:4      | Found a basalt altar of Yredelemnul.
  5747 | D:4      | Found an opulent altar of Gozag.
  5839 | D:4      | Noticed a black bear
  5842 | D:4      | Killed a black bear
  5843 | D:4      | Reached XP level 7. HP: 40/45 MP: 0/0
  5843 | D:4      | Learned a level 2 spell: Searing Ray
  6122 | D:4      | Found a runed translucent door.
  6126 | D:4      | Noticed CodingLynx's ghost (amateur MiFi)
  6393 | D:5      | Entered Level 5 of the Dungeon
  6393 | D:5      | Found Waj Kuod's Antique Weapon Shop.
  6899 | D:5      | Reached skill level 6 in Spellcasting
  6899 | D:5      | Slain by a gnoll

Illustrated notes

Levels and vault maps discovered:
D:1:      dpeg_arrival_radiant, layout_rooms,
          hellmonk_ecumenical_altar_crossroads, minmay_tall_x
D:2:      layout_loops_corners, basic_altar, st_stairs_12,
          uniq_crazy_yiuf_cottage
D:3:      layout_loops_corners, serial_forest, infiniplex_forest_clump_medium,
          infiniplex_forest_corner_1, infiniplex_forest_corner_1,
          infiniplex_forest_zigzag_1, infiniplex_forest_corner_1,
          infiniplex_forest_fountain
D:4:      layout_loops_ring, mainiacjoe_overflow_alcove_4,
          mainiacjoe_overflow_alcove_2, nicolae_overflow_hidden_temple,
          ebering_ghost_sewer_d
D:5:      lemuel_castle_with_subvaults [lemuel_castle_interior_original],
          layout_cave_pods, serial_shops, nicolae_stop_n_shop_2,
          uniq_blork_the_orc

Skill      XL: |  1  2  3  4  5  6  7 |
---------------+----------------------+-----
Spellcasting   | 3 4 5 6 |  6.0
Stealth        | 2 |  2.7
Fighting       | |  0.1
Dodging        | |  2.5

Action                   |  1- 3 |  4- 6 |  7- 9 || total
-------------------------+-------+-------+-------++-------
 Cast: Foxfire           |    77 |    87 |    21 ||   185
       Scorch            |    11 |    26 |     5 ||    42
       Inner Flame       |       |     8 |     9 ||    17
       Flame Wave        |       |       |     4 ||     4
Armor: Robe              |     1 |     1 |       ||     2
Dodge: Dodged            |     3 |     5 |     5 ||    13
